 Dungeon Crawl Stone Soup version 0.20-a0-454-g2b43fbb (webtiles) character file.

9427 Gorice the Carver (level 11, 0/83 HPs)
             Began as a Demonspawn Arcane Marksman on Jan 8, 2017.
             Was an Elder of Okawaru.
             Killed by drain life
             ... invoked by a soul eater
             ... summoned by a deep elf mage
              (10 damage)
             ... on level 9 of the Dungeon.
             The game lasted 01:05:07 (13313 turns).

Gorice the Carver (Demonspawn Arcane Marksman)     Turns: 13313, Time: 01:05:07

Health: 0/83       AC: 21    Str: 18    XL:     11   Next: 22%
Magic:  0/12       EV: 10    Int: 14    God:    Okawaru [****..]
Gold:   229        SH:  5    Dex: 15    Spells: 11/12 levels left

rFire  . . .     SeeInvis .     a - +6 dagger (venom)
rCold  + . .     Gourm    .     Q - +0 plate armour
rNeg   . . .     Faith    .     e - +0 buckler {reflect}
rPois  .         Spirit   +     (helmet restricted)
rElec  .         Reflect  +     A - +0 cloak
rCorr  .         Harm     .     n - +0 pair of gloves
MR     +....                    B - +0 pair of boots
Stlth  ..........               T - amulet of guardian spirit
                                X - ring of protection from magic
                                U - ring of stealth

@: mighty, about to teleport, heroism
A: antennae 1, cold resistance 1, powered by pain 2, freezing cloud immunity
a: Heroism, Renounce Religion


You were on level 9 of the Dungeon.
You worshipped Okawaru.
Okawaru was greatly pleased with you.
You were not hungry.

You visited 2 branches of the dungeon, and saw 10 of its levels.
You also visited: Sewer.

You collected 667 gold pieces.
You spent 438 gold pieces at shops.

Inventory:

Hand Weapons
 a - a +6 dagger of venom (weapon)
   (You took it off an orc wizard on level 4 of the Dungeon)
 b - a +0 hunting sling
 c - the +5 dagger of Tiruufen {pierce, rElec rC+ MR+ Int+4}
   (You found it on level 6 of the Dungeon)

   It inflicts extra damage upon your enemies.
   It affects your intelligence (+4).
   It protects you from cold.
   It insulates you from electricity.
   It affects your resistance to hostile enchantments.
 k - a +0 falchion of draining
   (You took it off an orc on level 8 of the Dungeon)
 x - a +0 scimitar
 J - a +0 long sword
Missiles
 d - 32 sling bullets
 m - 16 tomahawks (quivered)
 Z - 150 stones
Armour
 e - a +0 buckler of reflection (worn)
   (You found it on level 7 of the Dungeon)
 n - a +0 pair of gloves (worn)
 u - a +4 ring mail
 A - a +0 cloak (worn)
 B - a +0 pair of boots (worn)
 Q - a +0 plate armour (worn)
Magical Staves
 w - an uncursed staff of conjuration {unknown}
Jewellery
 j - an uncursed ring of fire
 q - an uncursed amulet of magic regeneration
 r - an uncursed ring of fire
 T - an amulet of guardian spirit (around neck)
 U - a ring of stealth (left hand)
 X - a ring of protection from magic (right hand)
Wands
 f - a wand of disintegration (6/24)
 D - a wand of polymorph (10/24)
 E - a wand of disintegration (13/24)
 L - a wand of disintegration (24/24)
Scrolls
 o - a scroll of fear {!r}
 s - 2 scrolls of fog
 y - 5 scrolls of teleportation {!r}
 G - 3 scrolls of magic mapping {!r}
 N - 4 scrolls of remove curse
Potions
 g - a potion of haste {!q}
 i - 2 potions of might {!q}
 p - 2 potions of heal wounds {!q}
 t - 2 potions of cancellation {!q}
 z - a potion of agility {!q}
 C - a potion of resistance {unknown}
 F - a potion of magic {unknown}
 I - 2 potions of lignification {!q}
 K - a potion of cure mutation {unknown}
 M - 3 potions of curing
 P - a potion of berserk rage {unknown}
 V - 2 potions of ambrosia
Comestibles
 h - a meat ration {!e}
 v - 8 bread rations {!e}
 S - 4 fruits


   Skills:
 - Level 6.6(11.6) Fighting
 + Level 9.7(14.7) Long Blades
 - Level 6.0(11.0) Slings
 + Level 9.7(14.7) Armour
 - Level 1.7(6.7) Dodging
 - Level 1.0 Spellcasting
 - Level 3.0 Hexes
 - Level 2.2 Invocations


You had 11 spell levels left.
You knew the following spells:

 Your Spells              Type           Power        Failure   Level  Hunger
a - Corona                Hex            #......      94%         1    ##.....


Dungeon Overview and Level Annotations

Branches:
Dungeon (9/15)             Temple (1/1) D:6
   Lair: D:8-11         Orc: D:9-12

Altars:
Ashenzari
Cheibriados
Dithmenos
Elyvilon
Fedhas
Gozag
Hepliaklqana
Kikubaaqudgha
Makhleb
Nemelex Xobeh
Okawaru
Qazlal
Ru
Sif Muna
Trog
Uskayaw
Vehumet
Xom
Yredelemnul
Zin
The Shining One

Shops:
D:7 *   D:9 !(

Annotations:
D:5 1 runed door - vpUX: Yiuf's house


Innate Abilities, Weirdness & Mutations

You have a pair of small antennae on your head.
Your flesh is cold resistant. (rC+)
You sometimes gain power by taking damage.
You are immune to freezing clouds.


Message History

You completely miss the deep elf mage. You puncture the deep elf mage!
The deep elf mage looks as sick as possible!
The deep elf mage is moderately wounded.
The deep elf mage barely misses you.
The hellwing hits you but does no damage. x2
You hit the deep elf mage.
The deep elf mage is moderately wounded.
You hit the deep elf mage.
The deep elf mage looks as sick as possible!
The deep elf mage is heavily wounded.
The deep elf mage casts a spell.
The deep elf mage blinks!
The hellwing hits you.
* * * LOW HITPOINT WARNING * * *
You block the hellwing's attack.
The soul eater draws from the surrounding life force!
* * * LOW HITPOINT WARNING * * *
Damage: 11 (max 13) Unknown command.
Unknown command.
Unknown command.
Really read
y - 6 scrolls of teleportation {!r}?
As you read the scroll of teleportation {!r}, it crumbles to dust.
You feel strangely unstable.
The hellwing hits you but does no damage.
The hellwing barely misses you.
Unknown command.
You hit the two-headed ogre.
The two-headed ogre is poisoned.
The two-headed ogre is lightly wounded.
The two-headed ogre hits you with a giant spiked club!!
* * * LOW HITPOINT WARNING * * *
You focus on the pain.
You feel very mighty all of a sudden. The two-headed ogre barely misses you.
Damage: 20 (max 20) Unknown command.
Unknown command.
Unknown command.
Unknown command.
Unknown command.
Really read
o - 2 scrolls of fear {!r}?
As you read the scroll of fear {!r}, it crumbles to dust.
You assume a fearsome visage.
The soul eater is unaffected.
The hellwing is unaffected.
The deep elf mage looks frightened!
The two-headed ogre looks frightened!
The iguana looks frightened!
The deep elf mage mumbles some strange words.
The deep elf mage blinks!
The hellwing closely misses you.
The hellwing hits you but does no damage.
The soul eater draws from the surrounding life force!
You die...

..#############8.8##...# #..#
...##)(![.[O$!##'###..#########.#
....##+#'#'#'###.# #.............
...## #...#.###.###..######.....
....# 8...8 ##8.8##..###........
...## ....a ##.###.............
....#{ #.# #............. ...## .
##4###.###......... ....# ...
#8@8##.# #......... ...##
....O##O###.# ##........ ....
⌠...o{'3# #.# #........ ...##
....Z##l# #.############ . ....
8.8 #............. . ...
##.###.############ .. #.# #.## .
#.# #..## ####### 8.8 #...##
#......


You could see a soul eater, a two-headed ogre (fleeing), a hellwing and an
iguana (fleeing).

Vanquished Creatures
  A centaur warrior (D:9)
  2 two-headed ogres
  Maurice (D:8)
  3 hippogriffs
  7 yaks
  3 hogs (D:7)
  A human (D:6)
  2 water moccasins (D:8)
  2 ice beasts
  2 sky beasts
  3 orc warriors
  A hornet zombie (D:6)
  3 phantoms
  7 ogres
  3 centaurs
  A crocodile (D:8)
  Blork the orc (D:5)
  2 big kobolds
  2 bullfrogs
  A gnoll sergeant (D:9)
  A wyvern skeleton (D:9)
  3 killer bees (D:8)
  7 wights
  3 howler monkeys
  4 crimson imps
  7 hounds
  A centaur skeleton (D:7)
  2 bullfrog skeletons
  2 orc priests
  3 gnoll shamans
  12 orc wizards
  5 iguanas
  A merfolk siren (Sewer)
  15 worker ants
  A merfolk avatar (Sewer)
  A hound zombie (D:9)
  2 hound skeletons
  Robin (D:4)
  22 gnolls
  8 adders
  2 river rats (Sewer)
  2 shadow imps (D:7)
  3 adder skeletons
  An adder zombie (D:8)
  A worm (D:3)
  2 dart slugs
  8 leopard geckos
  37 orcs
  6 giant cockroaches
  18 goblins
  6 hobgoblins
  11 jackals
  13 kobolds
  3 quokkas
  5 ball pythons
  5 bats
  8 frilled lizards
  3 leopard gecko skeletons
  2 quokka skeletons
  29 rats
314 creatures vanquished.

Vanquished Creatures (others)
  A plant (D:9)
1 creature vanquished.

Grand Total: 315 creatures vanquished

Notes
Turn   | Place    | Note
-------+----------+-------------------------------------------
     0 | D:1      | Gorice the Demonspawn Arcane Marksman began the quest for the Orb.
     0 | D:1      | Reached XP level 1. HP: 15/15 MP: 2/2
    32 | D:1      | Reached skill level 2 in Slings
   124 | D:1      | Gained mutation: You sometimes gain a little power by taking damage. [demonic ancestry]
   124 | D:1      | Reached XP level 2. HP: 21/21 MP: 3/3
   904 | D:2      | Reached skill level 2 in Fighting
  1019 | D:2      | Found a blossoming altar of Fedhas.
  1043 | D:2      | Gained mutation: You sometimes gain power by taking damage. [demonic ancestry]
  1043 | D:2      | Reached XP level 3. HP: 27/27 MP: 4/4
  1056 | D:2      | Found a snail-covered altar of Cheibriados.
  1643 | D:3      | HP: 7/28 [leopard gecko (3)]
  1648 | D:3      | HP: 6/28 [poisoned by a kobold]
  1656 | D:3      | HP: 5/28 [poisoned by a kobold]
  1879 | D:2      | Reached skill level 3 in Fighting
  1879 | D:2      | Reached skill level 3 in Slings
  1879 | D:2      | Reached XP level 4. HP: 21/35 MP: 2/5
  2719 | D:3      | Reached XP level 5. HP: 36/41 MP: 4/6
  3259 | D:4      | Reached skill level 4 in Fighting
  3267 | D:4      | Reached skill level 4 in Slings
  3279 | D:4      | Gained mutation: You have a pair of small antennae on your head. [demonic ancestry]
  3279 | D:4      | Reached XP level 6. HP: 25/48 MP: 7/7
  3585 | D:4      | HP: 14/49 [poisoned by a worker ant]
  3590 | D:4      | HP: 2/49 [iguana (12)]
  3891 | D:4      | HP: 15/50 [poisoned by an orc wizard]
  3900 | D:4      | HP: 15/50 [poisoned by an orc wizard]
  4114 | D:4      | Reached skill level 5 in Fighting
  4305 | D:4      | Noticed Robin
  4319 | D:4      | Killed Robin
  4332 | D:4      | Reached XP level 7. HP: 52/56 MP: 8/8
  4406 | D:4      | Reached skill level 5 in Slings
  4647 | D:5      | Entered Level 5 of the Dungeon
  5039 | D:5      | Found a runed door.
  5066 | D:5      | Noticed Blork the orc
  5094 | D:5      | Killed Blork the orc
  5336 | D:5      | Reached skill level 6 in Fighting
  5858 | D:6      | Found a staircase to the Ecumenical Temple.
  5863 | D:6      | Reached skill level 6 in Slings
  5872 | Temple   | Entered the Ecumenical Temple
  6013 | Temple   | Became a worshipper of Warmaster Okawaru
  6047 | D:6      | Reached skill level 1 in Long Blades
  6047 | D:6      | Reached skill level 1 in Armour
  6047 | D:6      | Gained mutation: Your flesh is cold resistant. (rC+) [demonic ancestry]
  6047 | D:6      | Reached XP level 8. HP: 65/65 MP: 9/9
  6233 | D:6      | Reached skill level 2 in Armour
  6257 | D:6      | Got a shimmering dagger
  6259 | D:6      | Reached skill level 2 in Long Blades
  6464 | D:6      | Reached * piety under Okawaru
  6528 | D:6      | Found a glowing drain.
  6546 | Sewer    | Entered a sewer
  6549 | Sewer    | Identified the +5 dagger of Tiruufen {pierce, rElec rC+ MR+ Int+4} (You found it on level 6 of the Dungeon)
  6713 | Sewer    | Reached skill level 3 in Armour
  6852 | Sewer    | Reached skill level 1 in Invocations
  7691 | D:6      | Reached skill level 3 in Long Blades
  7691 | D:6      | Reached skill level 2 in Invocations
  7964 | D:7      | Reached skill level 4 in Armour
  8110 | D:7      | Reached skill level 4 in Long Blades
  8181 | D:6      | Reached XP level 9. HP: 63/71 MP: 7/10
  8262 | D:7      | Reached ** piety under Okawaru
  8300 | D:7      | Reached skill level 5 in Long Blades
  8300 | D:7      | Reached skill level 5 in Armour
  8829 | D:7      | HP: 20/71 [ogre/giant spiked club (9)]
  9288 | D:6      | Reached skill level 6 in Armour
  9340 | D:6      | Reached skill level 6 in Long Blades
  9982 | D:7      | Found a deep blue altar of Sif Muna.
  9986 | D:7      | Reached *** piety under Okawaru
 10063 | D:7      | Found Lypeffi's General Store.
 10071 | D:7      | Bought the +1 robe "Dykaxus" {rPois Slay+4} for 438 gold pieces
 10249 | D:8      | Noticed Maurice
 10268 | D:8      | Killed Maurice
 10546 | D:8      | Reached skill level 7 in Long Blades
 10546 | D:8      | Reached skill level 7 in Armour
 10546 | D:8      | Reached XP level 10. HP: 69/77 MP: 7/11
 11256 | D:8      | Noticed a two-headed ogre
 11272 | D:8      | Killed a two-headed ogre
 11272 | D:8      | Reached skill level 8 in Long Blades
 11272 | D:8      | Reached skill level 8 in Armour
 11888 | D:9      | Reached **** piety under Okawaru
 11951 | D:9      | Noticed a two-headed ogre
 11966 | D:9      | Killed a two-headed ogre
 12176 | D:9      | Found Pynix's Antique Weapon Boutique.
 12281 | D:9      | Found Syizour's Distillery.
 12340 | D:9      | Reached skill level 9 in Long Blades
 12340 | D:9      | Reached skill level 9 in Armour
 12365 | D:9      | Received a gift from Okawaru
 12386 | D:9      | Received a gift from Okawaru
 12551 | D:9      | Found a shimmering altar of Xom.
 12551 | D:9      | Found an ancient bone altar of Kikubaaqudgha.
 12552 | D:9      | Found a bloodstained altar of Trog.
 12583 | D:9      | Gained mutation: You are immune to freezing clouds. [demonic ancestry]
 12583 | D:9      | Reached XP level 11. HP: 83/83 MP: 12/12
 13261 | D:9      | Noticed a centaur warrior
 13283 | D:9      | Killed a centaur warrior
 13289 | D:9      | Noticed a deep elf mage
 13289 | D:9      | Noticed a two-headed ogre
 13300 | D:9      | Noticed a soul eater
 13312 | D:9      | HP: 9/83 [two-headed ogre/giant spiked club (20)]
 13313 | D:9      | Killed from afar by a soul eater

Vault maps used:
D:1:      nicolae_arrival_memento_mori
D:2:      kennysheep_slug_shrine, fedhas_altar_1
D:3:      first_bread
D:4:      uniq_robin
D:5:      minmay_strange_pillars, hangedman_abyss_or_decor_stabs,
          kennysheep_generic_room_6, uniq_crazy_yiuf_cottage, uniq_blork_the_orc
D:6:      cheibrodos_helix_gallery, portal_sewer_entry_d, bh_walls_and_bars
D:7:      kennysheep_orc_sif_temple, serial_shops, nicolae_shop_crystal,
          grunt_livestock, grunt_ministairs_15
D:8:      uniq_maurice
D:9:      wad_statue_garden, gammafunk_temple_overflow_forgotten,
          serial_gnoll_camp, gnoll_camp_mini_basic, gnoll_camp_mini_shop,
          gnoll_camp_mini_shop, gnoll_camp_medium_01, gnoll_camp_mini_hut
Temple:   eino_temple_rhombus
Sewer:    sewer_sea

Skill      XL: |  1  2  3  4  5  6  7  8  9 10 |
---------------+-------------------------------+-----
Slings         | 2 3 4 6 |  6.0
Fighting       | 2 3 4 5 6 |  6.6
Long Blades    | 1 4 7 9 |  9.7
Armour         | 1 4 7 9 |  9.7
Invocations    | 2 |  2.2
Dodging        | |  1.7
Spellcasting   | |  1.0
Hexes          | |  3.0

Action                   |  1- 3 |  4- 6 |  7- 9 | 10-12 || total
-------------------------+-------+-------+-------+-------++-------
Melee: Short sword       |       |    23 |       |       ||    23
       Hand axe          |       |    66 |       |       ||    66
       Dagger            |       |    49 |   578 |   482 ||  1109
 Fire: Hunting sling     |   126 |    55 |     5 |       ||   186
Throw: Tomahawk          |       |     3 |    26 |    43 ||    72
       Stone             |       |     1 |     2 |       ||     3
 Cast: Corona            |     9 |    12 |     2 |       ||    23
Invok: Heroism           |       |       |     5 |     7 ||    12
Evoke: Wand              |       |       |     2 |       ||     2
  Use: Scroll            |     9 |     1 |    11 |     5 ||    26
       Potion            |       |     1 |       |       ||     1
  Eat: Chunk             |     3 |     8 |    21 |     9 ||    41
Armor: Robe              |     1 |       |       |       ||     1
       Ring mail         |    14 |    55 |    92 |       ||   161
       Plate armour      |       |       |   108 |   291 ||   399
Dodge: Dodged            |    34 |    98 |   224 |    82 ||   438
Block: Buckler           |       |       |     7 |    67 ||    74
       Reflection        |       |       |     1 |     8 ||     9

Table legend:
 A = Turns spent in this place as a percentage of turns spent in the entire game.
 B = Non-inter-level travel turns spent in this place as a percentage of non-inter-level travel turns spent in the entire game.
 C = Inter-level travel turns spent in this place as a percentage of turns spent in this place.
 D = Turns resting spent in this place as a percentage of non-inter-level travel turns spent in this place.
 E = Turns spent auto-exploring this place as a percentage of non-inter-level travel turns spent in this place.
 F = Non-inter-level travel turns spent in this place divided by the number of levels of this place that you've seen.
                   A       B       C       D       E      F
               +-------+-------+-------+-------+-------+----------------------
         Total | 100.0 | 100.0 |   0.2 |   2.3 |   3.9 | 473.5
       Dungeon |  92.5 |  92.5 |   0.2 |   2.4 |   3.8 | 535.6
        Temple |   1.4 |   1.4 |   1.4 |   0.0 |   9.9 |  71.0
         Sewer |   6.1 |   6.1 |   0.0 |   1.3 |   3.8 | 317.0
               +-------+-------+-------+-------+-------+----------------------

Vault maps used:
D:1:      nicolae_arrival_memento_mori
D:2:      kennysheep_slug_shrine, fedhas_altar_1
D:3:      first_bread
D:4:      uniq_robin
D:5:      minmay_strange_pillars, hangedman_abyss_or_decor_stabs,
          kennysheep_generic_room_6, uniq_crazy_yiuf_cottage, uniq_blork_the_orc
D:6:      cheibrodos_helix_gallery, portal_sewer_entry_d, bh_walls_and_bars
D:7:      kennysheep_orc_sif_temple, serial_shops, nicolae_shop_crystal,
          grunt_livestock, grunt_ministairs_15
D:8:      uniq_maurice
D:9:      wad_statue_garden, gammafunk_temple_overflow_forgotten,
          serial_gnoll_camp, gnoll_camp_mini_basic, gnoll_camp_mini_shop,
          gnoll_camp_mini_shop, gnoll_camp_medium_01, gnoll_camp_mini_hut
Temple:   eino_temple_rhombus
Sewer:    sewer_sea
